 Dungeon Crawl Stone Soup version 0.26.0-45-g9c1d065592 (webtiles) character file.

Game seed: 836264053164301422

59 kaeus the Sneak (level 4, -1/28 HPs)
             Began as an Octopode Enchanter on Jan 29, 2021.
             Slain by an ooze (4 damage)
             ... on level 1 of the Dungeon.
             The game lasted 00:01:17 (1030 turns).

kaeus the Sneak (Octopode Enchanter)                Turns: 1030, Time: 00:01:17

Health: -1/28      AC:  1    Str:  7    XL:     4   Next: 3%
Magic:  7/7        EV: 14    Int: 17    God:
Gold:   20         SH:  0    Dex: 13    Spells: 4/7 levels left

rFire    . . .     SeeInvis .   a - +1 dagger
rCold    . . .     Faith    .   (no shield)
rNeg     . . .     Spirit   .   (helmet restricted)
rPois    .         Reflect  .   (no amulet)
rElec    .         Harm     .   (no ring)
rCorr    .         Rampage  .   (no ring)
Will     .....                  (no ring)
Stlth    ++++......             (no ring)
HPRegen  0.09/turn              (no ring)
MPRegen  0.10/turn              (no ring)
                                (no ring)
                                (no ring)

@: no status effects
A: almost no armour, stealthy swim, amphibious, 8 rings, constrict 8, camouflage
1, gelatinous body 1
a: no special abilities


You were on level 1 of the Dungeon.
You visited 1 branch of the dungeon, and saw 1 of its levels.

You collected 20 gold pieces.

Inventory:

Hand Weapons
 a - a +1 dagger (weapon)
Jewellery
 f - a cursed ring of attention {unknown}
Scrolls
 c - 2 scrolls of identify {unknown}
 d - 2 scrolls of blinking {unknown}
 e - a scroll of fog {unknown}
Potions
 b - a potion of curing {unknown}
 g - a potion of attraction {unknown}
 h - a potion of magic {unknown}


   Skills:
 + Level 1.2 Fighting
 + Level 1.5 Short Blades
 + Level 2.4 Dodging
 + Level 4.5 Stealth
 + Level 2.3 Spellcasting
 + Level 3.3 Hexes


You had 4 spell levels left.
You knew the following spells:

 Your Spells              Type           Power        Failure   Level
a - Corona                Hex            14%          4%          1
b - Ensorcelled Hibernat  Hex/Ice        14%          14%         2

Your spell library contained the following spells:

 Spells                   Type           Power        Failure   Level
 Confusing Touch          Hex            13%          14%         3
 Tukima's Dance           Hex            13%          14%         3
 Dazzling Flash           Conj/Hex       14%          28%         3


Dungeon Overview and Level Annotations

Branches:
Dungeon (1/15)

Altars:


Innate Abilities, Weirdness & Mutations

You cannot wear most types of armour.
You are very stealthy in the water. (Stealth+)
You are amphibious.
You can wear up to eight rings at the same time.
You can use your tentacles to constrict eight enemies at once.
Your skin changes colour to match your surroundings (Stealth+).
Your rubbery body absorbs attacks. (AC +1, EV +1)


Message History

You barely miss the ooze. You squeeze the ooze.
The ooze is moderately wounded.
The ooze hits you.
* * * LOW HITPOINT WARNING * * *
You take 5 damage, and have 2/28 hp.
You see here a giant cockroach corpse.
The ooze closely misses you.
You hit the ooze.
The ooze is moderately wounded.
The ooze closely misses you.
You hit the ooze.
The ooze is heavily wounded.
The ooze barely misses you.
You barely miss the ooze. You squeeze the ooze.
The ooze is severely wounded.
The ooze closely misses you.
You hit the ooze.
The ooze is almost dead.
The ooze hits you.
You die...

#.................
#.###+#######'###.
#.#..⌠...>...⌠..#.
#.#......<......#.
#.'⌠....###....⌠'.
#†#.........J...#.
#h#######'#######.
#J#.....$.......#.
#@#...........$.#.
#.#.............#.
#.###############.
#.................
#.#...........###.
#..##.###...#.##..
#†.##.# ###......#
#..##.# ####...#
#.....## ###....


You could see an ooze and a jackal.

Vanquished Creatures
  7 oozes (D:1)
  A leopard gecko (D:1)
  2 ball pythons (D:1)
  4 bats (D:1)
  5 giant cockroaches (D:1)
  2 goblins (D:1)
  2 hobgoblins (D:1)
  A jackal (D:1)
  2 kobolds (D:1)
  2 rats (D:1)
28 creatures vanquished.

Notes
Turn   | Place    | Note
-------+----------+-------------------------------------------
     0 | D:1      | kaeus the Octopode Enchanter began the quest for the Orb.
     0 | D:1      | Reached XP level 1. HP: 11/11 MP: 3/3
     1 | D:1      | Found a runed translucent door.
   182 | D:1      | Reached XP level 2. HP: 17/17 MP: 5/5
   719 | D:1      | Learned a level 2 spell: Ensorcelled Hibernation
   735 | D:1      | Reached XP level 3. HP: 20/22 MP: 6/6
   875 | D:1      | Reached skill level 1 in Fighting
  1008 | D:1      | Reached XP level 4. HP: 15/28 MP: 7/7
  1030 | D:1      | Slain by an ooze

Illustrated notes

Levels and vault maps discovered:
D:1:      dpeg_arrival_caged_fury, layout_rooms, chequers_serial_rivers_micro_c

Skill      XL: |  1  2  3 |
---------------+----------+-----
Fighting       | 1 |  1.2
Short Blades   | |  1.5
Dodging        | |  2.4
Stealth        | |  4.5
Spellcasting   | |  2.3
Hexes          | |  3.3

Action                   |  1- 3 |  4- 6 || total
-------------------------+-------+-------++-------
Melee: Dagger            |    92 |    11 ||   103
       Constrict         |    14 |     1 ||    15
       Tentacles         |    14 |     2 ||    16
 Stab: Sleeping          |     6 |       ||     6
       Distracted        |     1 |       ||     1
Armor: Skin              |    10 |       ||    10
Dodge: Dodged            |    75 |     6 ||    81
